 Dungeon Crawl Stone Soup version 0.26-a0-546-g3c2127501a (webtiles) character file.

Game seed: 1977903238428901634

415831 Errates the Scorcher (level 23, -3/144 HPs)
             Began as a Gargoyle Earth Elementalist on Aug 18, 2020.
             Was the Champion of Vehumet.
             Engulfed by a cloud of freezing vapour (12 damage)
             ... on level 5 of the Vaults on Aug 19, 2020.
             The game lasted 02:43:05 (54031 turns).

Errates the Scorcher (Gargoyle Earth Elementalist) Turns: 54031, Time: 02:43:06

Health: -3/144     AC: 30    Str: 13    XL:     23   Next: 60%
Magic:  20/40      EV: 20    Int: 39    God:    Vehumet [******]
Gold:   5484       SH:  0    Dex: 14    Spells: 2/49 levels left

rFire    . . .     SeeInvis .   q - +6 demon whip of the Nexus {flame, rPois Int+2}
rCold    . . .     Faith    .   (no shield)
rNeg     + . .     Spirit   .   B - +3 steam dragon scales
rPois    ∞         Reflect  .   a - +2 hat {Int+3}
rElec    +         Harm     .   R - +2 cloak
rCorr    .                      A - +0 pair of gloves
MR       +++..                  L - +0 pair of boots (curse)
Stlth    +++.......             j - amulet of regeneration
HPRegen  0.74/turn              T - +6 ring of intelligence
MPRegen  0.27/turn              Y - ring of the Mage {Wiz MR++ Int+3}

@: corroded, flying, very slightly contaminated
A: antennae 1, big wings, thin skeletal structure 2, negative energy resistance
1, electricity resistance, unbreathing, petrification resistance, rot immunity,
AC +17
}: 2/15 runes: barnacled, gossamer
a: Stop Flying, Renounce Religion


You were on level 5 of the Vaults.
You worshipped Vehumet.
Vehumet was exalted by your worship.
You visited 8 branches of the dungeon, and saw 40 of its levels.
You visited the Abyss 2 times.
You also visited: Bailey.

You collected 6748 gold pieces.
You spent 1264 gold pieces at shops.

Inventory:

Hand Weapons
 q - the +6 demon whip of the Nexus (weapon) {flame, rPois Int+2}
   (You acquired it on level 14 of the Dungeon)

   It has been specially enchanted to burn those struck by it, causing extra
   injury to most foes and up to half again as much damage against particularly
   susceptible opponents.
   It affects your intelligence (+2).
   It protects you from poison.
 P - a +4 morningstar of electrocution
Missiles
 b - 1240 stones (quivered)
 s - 8 throwing nets
Armour
 a - a +2 hat of intelligence (worn)
 A - a +0 pair of gloves (worn)
 B - +3 steam dragon scales (worn)
 L - a cursed +0 pair of boots (worn)
 R - a +2 cloak (worn)
Magical Staves
 n - an uncursed staff of fire
 x - an uncursed staff of wizardry
Jewellery
 j - an amulet of regeneration (around neck)
 o - an uncursed ring of protection from fire
 u - an uncursed ring of protection from fire
 z - an uncursed ring of positive energy
 K - an uncursed ring of protection from cold
 S - an uncursed ring of ice
 T - a +6 ring of intelligence (left hand)
 Y - the ring of the Mage (right hand) {Wiz MR++ Int+3}
   (You took it off a deep elf sorcerer on level 3 of the Elven Halls)

   [ring of wizardry]

   It improves your spell success rate.
   It affects your intelligence (+3).
   It affects your resistance to hostile enchantments.
Wands
 k - a wand of disintegration (56)
 D - a wand of paralysis (27)
 E - a wand of digging (1)
 F - a wand of acid (2)
 H - a wand of iceblast (46)
 W - a wand of enslavement (19)
Scrolls
 c - 13 scrolls of identify
 d - 5 scrolls of blinking
 f - 4 scrolls of teleportation
 h - a scroll of enchant armour
 p - 9 scrolls of remove curse
 r - 5 scrolls of magic mapping
 v - 8 scrolls of amnesia
 y - 8 scrolls of fog
 V - 3 scrolls of summoning
Potions
 g - 5 potions of stabbing
 i - 2 potions of ambrosia
 l - 6 potions of resistance
 t - 6 potions of curing
 C - a potion of magic
 G - 5 potions of might
 I - 4 potions of brilliance
 N - 4 potions of berserk rage
 O - a potion of mutation
 Q - 4 potions of haste
 U - 2 potions of heal wounds
Miscellaneous
 e - a condenser vane (2/2)
 w - a tin of tremorstones (3/3)
 M - a phial of floods


   Skills:
 + Level 15.3 Fighting
 + Level 14.2 Maces & Flails
 - Level 6.0 Armour
 + Level 12.3 Dodging
 - Level 2.1 Stealth
 + Level 13.8 Spellcasting
 + Level 15.9 Conjurations
   Level 0.7 Transmutations
 * Level 18.8 Fire Magic
 + Level 17.5 Earth Magic
 - Level 6.0 Evocations


You had 2 spell levels left.
You knew the following spells:

 Your Spells              Type           Power        Failure   Level
a - Sandblast             Erth           ######       0%          1
b - Stone Arrow           Conj/Erth      ######       0%          3
c - Lee's Rapid Deconstr  Erth           ########..   1%          5
d - Orb of Destruction    Conj           ########..   1%          7
e - Fireball              Conj/Fire      ########..   1%          5
f - Fire Storm            Conj/Fire      ########..   12%         9
g - Ignition              Fire           ########..   1%          8
h - Shatter               Erth           ########..   11%         9

Your spell library contained the following spells:

 Spells                   Type           Power        Failure   Level
 Tornado                  Air            ####......   100%        9
 Foxfire                  Conj/Fire      ####         0%          1
 Magic Dart               Conj           ####         0%          1
 Searing Ray              Conj           ######       0%          2
 Animate Skeleton         Necr           ####..       1%          1
 Apportation              Tloc           ####..       1%          1
 Beastly Appendage        Tmut           ####..       1%          1
 Corona                   Hex            ####...      1%          1
 Pain                     Necr           ####         1%          1
 Summon Small Mammal      Summ           ####         1%          1
 Blink                    Tloc           N/A          1%          2
 Call Imp                 Summ           ####....     1%          2
 Corpse Rot               Necr/Air       N/A          1%          2
 Ensorcelled Hibernation  Hex/Ice        ####..       1%          2
 Passwall                 Tmut/Erth      #######.     1%          2
 Poisonous Vapours        Pois/Air       ####..       1%          2
 Slow                     Hex            ####....     1%          2
 Wereblood                Tmut           ####....     1%          2
 Conjure Flame            Conj/Fire      ########     0%          3
 Sticky Flame             Conj/Fire      ########     0%          4
 Confusing Touch          Hex            ####....     1%          3
 Dazzling Flash           Conj/Hex       ######       1%          3
 Gell's Gravitas          Tloc           ####......   1%          3
 Ignite Poison            Fire/Tmut/Pois ######..     1%          3
 Inner Flame              Hex/Fire       #######.     1%          3
 Lesser Beckoning         Tloc           ####......   1%          3
 Mephitic Cloud           Conj/Pois/Air  ######..     1%          3
 Ozocubu's Armour         Ice            ####....     1%          3
 Portal Projectile        Hex/Tloc       ####..       1%          3
 Spider Form              Tmut/Pois      ####......   1%          3
 Tukima's Dance           Hex            ####....     1%          3
 Vampiric Draining        Necr           ####......   1%          3
 Fulminant Prism          Conj/Hex       ######....   1%          4
 Iskenderun's Mystic Bla  Conj/Tloc      ######..     1%          4
 Leda's Liquefaction      Hex/Erth       #######...   1%          4
 Petrify                  Tmut/Erth      #######.     1%          4
 Bolt of Magma            Conj/Fire/Erth ########..   1%          5
 Borgnjor's Vile Clutch   Necr/Erth      #######...   1%          5
 Irradiate                Conj/Tmut      #######...   1%          5
 Iskenderun's Battlesphe  Conj           ########     1%          5
 Conjure Ball Lightning   Conj/Air       ######....   1%          6
 Iron Shot                Conj/Erth      ########..   1%          6
 Starburst                Conj/Fire      ########..   1%          6
 Freezing Cloud           Conj/Ice/Air   ######....   2%          6
 Yara's Violent Unravell  Hex/Tmut       ####......   3%          5
 Ice Form                 Ice/Tmut       ####....     4%          4
 Spellforged Servitor     Conj/Summ      ######....   4%          7
 Animate Dead             Necr           ####......   5%          4
 Cause Fear               Hex            ####......   5%          4
 Dispel Undead            Necr           ####....     5%          4
 Summon Ice Beast         Ice/Summ       ####....     5%          4
 Summon Lightning Spire   Summ/Air       ####....     5%          4
 Blade Hands              Tmut           ####......   11%         5
 Alistair's Intoxication  Tmut/Pois      ####.....    12%         5
 Agony                    Necr           ####....     14%         5
 Metabolic Englaciation   Hex/Ice        ####......   14%         5
 Silence                  Hex/Air        ####......   14%         5
 Summon Demon             Summ           ####......   14%         5
 Summon Forest            Summ/Tloc      ####......   14%         5
 Summon Mana Viper        Hex/Summ       ####....     14%         5
 Hydra Form               Tmut           ####......   47%         6
 Eringya's Noxious Bog    Tmut/Pois      ####......   52%         6
 Death Channel            Necr           ####......   58%         6
 Invisibility             Hex            ####....     58%         6
 Shadow Creatures         Summ           N/A          58%         6
 Simulacrum               Ice/Necr       ####......   58%         6
 Dragon Form              Tmut           ####......   95%         7
 Summon Hydra             Summ           ####......   98%         7
 Discord                  Hex            ####......   100%        8
 Sublimation of Blood     Necr           Unusable     N/A         2
 Statue Form              Tmut/Erth      Unusable     N/A         6

Dungeon Overview and Level Annotations

Branches:
Dungeon (15/15)            Temple (1/1) D:6            Lair (6/6) D:8
 Shoals (4/4) Lair:3       Spider (4/4) Lair:2        Slime (0/5) Lair:6
    Orc (2/2) D:12            Elf (3/3) Orc:2        Vaults (5/5) D:13
  Crypt (0/3) Vaults:2     Depths (0/5) D:15         Bailey (visited)

Altars:
Ashenzari
Dithmenos
Elyvilon
Fedhas
Gozag
Hepliaklqana
Kikubaaqudgha
Nemelex Xobeh
Qazlal
Sif Muna
Trog
Uskayaw
Vehumet
Xom
Yredelemnul
Zin
The Shining One
Beogh
Jiyva

Shops:
D:6 (   D:14 =   Orc:2 ((*[   Elf:3 (=(}   Vaults:1 [

Portals:
Trove: D:15 (give +2 ice dragon scales)

Annotations:
D:13 3 runed translucent doors, voshxx's ghost, journeyman TrMo
Lair:2 3 runed translucent doors, rasy's ghost, journeyman MiFi
Spider:3 1 runed translucent door, EnegeticOcto's ghost, journeyman DDFi
Elf:2 3 runed translucent doors
Vaults:3 3 runed translucent doors, Keaj's ghost, adept FeCK; Renjy's ghost, adept VSIE; Syen's ghost, veteran GnSk


Innate Abilities, Weirdness & Mutations

You are resistant to torment.
Your stone body is resilient. (AC +17)
You are immune to poison.
Your large and strong wings let you fly indefinitely.
You resist negative energy. (rN+)
You are resistant to electric shocks. (rElec)
You can survive without breathing.
You are immune to petrification.
You are immune to rotting.
You have a pair of small antennae on your head.
You have a moderately thin skeletal structure. (Dex +4, Stealth+)


Message History

You are engulfed in freezing vapours.
* * * LOW HITPOINT WARNING * * *
You hear a shout!
You hear a horrible gurgling sound!
You hear a shout! x2
Your fire vortex hits the ancient lich.
Your fire vortex burns the ancient lich!
The ancient lich resists.
Your fire vortex dissipates!
The ancient lich is engulfed in blazing flames.
The tengu reaver casts a spell at you. The freezing blast engulfs you!!
* * * LOW HITPOINT WARNING * * *
The battlesphere fires!
The barrage of energy hits your fire vortex!
The vault warden drinks a potion.
The vault warden flickers and vanishes!
Deactivating autopickup; reactivate with Ctrl-A.
Unknown command.
Unknown command.
Unknown command.
You are engulfed in freezing vapours.
You die...

.(.)[[#........
#{.....[.......
..)[...[...Q...
[..))..)....÷(.
.°○○vv.[°*.....
#.○.○○§☼°[°[..)
.○○○○○§§<°°○...
.°°).L§@°○°[.[.
.°.○°°○○°<○○...
.....☼☼§$[.?...
#......[.......
†..[...[.[.)...
[......[.......
.#..#.........[
.........[....


You could see an ancient lich, a tengu reaver, a battlesphere and 2 friendly
fire vortices.

Vanquished Creatures
  Mara (Shoals:3)
  Bai Suzhen (Spider:3)
  2 golden dragons (Vaults:5)
  Arachne (Spider:2)
  3 liches
  Rupert (Spider:1)
  A tentacled monstrosity (Vaults:5)
  3 deep elf master archers (Elf:3)
  4 deep elf blademasters (Elf:3)
  Gastronok (D:8)
  2 tentacled starspawn (Abyss:2)
  A sphinx (Vaults:3)
  4 tengu reavers
  A storm dragon (Vaults:4)
  A shadow dragon (Vaults:5)
  Ilsuiw (Shoals:3)
  Roxanne (Spider:2)
  7 vault wardens
  12 deep elf sorcerers
  A fire giant (Vaults:4)
  2 iron dragons (Vaults:5)
  5 deep elf elementalists
  5 frost giants
  2 ghost moths (Spider:4)
  2 emperor scorpions (Spider:4)
  7 ironheart preservers
  A very ugly thing (Vaults:4)
  4 entropy weavers
  6 stone giants
  7 deep elf demonologists
  8 deep elf annihilators
  A spark wasp (Spider:4)
  4 ettins
  An eidolon (Abyss:2)
  7 merfolk impalers
  4 deep elf death magi
  2 fire dragons
  5 deep elf high priests
  10 hydras
  9 merfolk javelineers
  9 ogre magi
  An ice dragon (Vaults:2)
  2 rakshasas
  3 great orbs of eyes
  4 yaktaur captains
  Erolcha (Orc:2)
  Harold (Orc:1)
  6 merfolk avatars
  28 vault guards
  2 alligator snapping turtles
  11 centaur warriors
  5 catoblepae
  29 two-headed ogres
  Erica (Orc:1)
  4 merfolk aquamancers
  3 death knights
  13 dancing weapons
  Urug (Lair:2)
  2 satyrs
  8 death yaks (Lair:6)
  2 thrashing horrors (Abyss:2)
  11 orc high priests
  Sonja (Lair:1)
  16 deep elf knights
  A spatial maelstrom (Abyss:2)
  2 large abominations
  6 skeletal warriors
  A titan skeleton (Vaults:4)
  3 shadow wraiths
  A death drake (shapeshifter) (Elf:2)
  11 sea snakes
  An unseen horror (Vaults:1)
  An unseen horror (shapeshifter) (Vaults:2)
  5 small abominations
  9 deep trolls
  6 wizards
  13 orc knights
  2 swamp dragons (shapeshifter)
  2 phantasmal warriors (Vaults:5)
  Pikel (D:6)
  47 deep elf magi
  2 necromancers (Vaults:4)
  18 deep elf archers
  A tengu zombie (Vaults:4)
  8 harpies
  14 ironbrand convokers
  A shadow dragon skeleton (Vaults:4)
  A wolf spider (shapeshifter) (D:15)
  2 moths of wrath
  12 orb spiders
  3 orc sorcerers
  17 manticores
  A stone giant zombie (Vaults:4)
  39 ugly things
  10 fauns
  A manticore (shapeshifter) (Vaults:2)
  36 wolf spiders
  13 cyclopes
  2 naga magi (Vaults:1)
  11 merfolk sirens
  Maurice (D:8)
  An orange demon (Abyss:2)
  A water nymph (Shoals:3)
  5 black mambas
  16 elephants
  2 gargoyles (D:15)
  9 vault sentinels
  A torpor snail (Spider:4)
  Joseph (D:9)
  7 cane toads
  3 smoke demons
  An eye of devastation (shapeshifter) (Vaults:5)
  4 kobold demonologists
  Maggie (D:7)
  2 rime drakes
  6 komodo dragons
  6 freezing wraiths
  13 yaktaurs
  15 demonic crawlers
  8 trolls
  2 tengu conjurers (D:15)
  29 merfolk
  19 jumping spiders
  7 meliai
  7 wind drakes
  9 slime creatures
  2 raiju (Abyss:2)
  8 blink frogs (Lair:6)
  12 hornets
  A polar bear (Lair:5)
  An ettin zombie (Vaults:4)
  15 hippogriffs
  A meliai zombie (D:15)
  11 dream sheep
  2 raiju (shapeshifter)
  12 snapping turtles
  A fire giant simulacrum (Vaults:4)
  An ettin skeleton (Abyss:2)
  A yak (shapeshifter) (Elf:3)
  A vampire (D:13)
  4 wraiths
  2 air elementals
  32 redbacks
  28 tarantellas
  11 water elementals
  A shadow (D:13)
  73 yaks
  8 wyverns
  6 fire elementals
  3 fire bats (Abyss:2)
  3 basilisks
  A human (shapeshifter) (Elf:1)
  A chaos spawn (Abyss:2)
  A neqoxec (Abyss:2)
  2 vampire mosquitoes (D:11)
  Grum (D:10)
  A warg (shapeshifter) (Elf:2)
  9 wargs
  2 acid dragons
  A spatial vortex (Abyss:2)
  16 water moccasins
  10 porcupines
  A hell hound (Lair:1)
  51 orc warriors
  Duvessa (D:5)
  2 ice beasts
  3 sky beasts
  A black bear (shapeshifter) (Elf:2)
  An eye of draining (D:13)
  6 phantoms
  5 black bears
  A necrophage (D:11)
  A wolf (shapeshifter) (Vaults:4)
  10 boggarts
  12 wolves
  A human zombie (Vaults:4)
  21 ogres
  The ghost of Askman the Twirler, an amateur DsGl (D:6)
  22 centaurs
  A crocodile (shapeshifter) (Vaults:5)
  17 crocodiles
  2 big kobolds
  22 bullfrogs
  2 wyvern zombies (D:6)
  4 earth elementals
  5 scorpions
  A hornet simulacrum (D:14)
  Dowan (D:5)
  21 killer bees
  6 electric eels
  12 wights
  11 howler monkeys
  4 jellies
  2 centaur zombies
  3 human simulacra
  A quasit (D:5)
  5 starcursed masses (Abyss:2)
  A wyvern simulacrum (D:6)
  A bullfrog zombie (D:10)
  6 hounds
  A jelly (shapeshifter) (D:14)
  47 orc priests
  29 orc wizards
  2 centaur skeletons
  4 bullfrog skeletons
  6 iguanas
  5 hell rats (Lair:4)
  9 worker ants
  A bullfrog simulacrum (D:6)
  3 worker ant zombies
  Robin (D:4)
  13 gnolls
  9 adders
  A shadow imp (D:9)
  4 white imps
  3 ufetubi
  3 oozes
  2 adder zombies
  2 adder skeletons
  2 worms
  3 dart slugs (D:1)
  9 leopard geckos
  159 orcs
  4 giant cockroaches
  19 goblins
  19 hobgoblins
  14 jackals
  4 quokkas
  A ball python (D:6)
  8 bats
  4 frilled lizards
  A goblin zombie (D:8)
  2 hobgoblin zombies (D:8)
  25 kobolds
  2 kobold skeletons (D:8)
  A kobold zombie (D:8)
  A leopard gecko simulacrum (D:6)
  A leopard gecko skeleton (D:6)
  3 orc skeletons (D:8)
  2 orc zombies (D:8)
  2 quokka zombies
  14 rats
  A spectral orc (D:9)
  4 crawling corpses (Elf:1)
  12 fire vortices
  A fungus (Lair:5)
  11 plants
1812 creatures vanquished.

Vanquished Creatures (collateral kills)
  A titan (Vaults:5)
  A shadow dragon (Vaults:5)
  A merfolk javelineer (Shoals:4)
  A human skeleton (Vaults:4)
4 creatures vanquished.

Vanquished Creatures (others)
  Nikola (Spider:2)
  A deep troll (Vaults:5)
  A jumping spider (Spider:2)
  A small abomination (Abyss:2)
  An orc (Orc:1)
  9 fire vortices
  13 fungi
  A lurking horror (Abyss:2)
  16 plants
  2 starspawn tentacles (Abyss:2)
  4 withered plants (Vaults:3)
50 creatures vanquished.

Grand Total: 1866 creatures vanquished

Notes
Turn   | Place    | Note
-------+----------+-------------------------------------------
     0 | D:1      | Errates the Gargoyle Earth Elementalist began the quest for
                  | the Orb.
     0 | D:1      | Reached XP level 1. HP: 10/10 MP: 3/3
   298 | D:1      | Reached XP level 2. HP: 8/15 MP: 3/5
   885 | D:1      | Reached XP level 3. HP: 19/19 MP: 0/6
   962 | D:1      | Learned a level 3 spell: Stone Arrow
  1615 | D:2      | Reached skill level 1 in Conjurations
  1760 | D:2      | Reached XP level 4. HP: 24/24 MP: 8/8
  2243 | D:3      | Reached skill level 5 in Earth Magic
  2246 | D:3      | Reached XP level 5. HP: 28/28 MP: 4/10
  2875 | D:3      | Found a bloodstained altar of Trog.
  2924 | D:4      | Reached XP level 6. HP: 15/32 MP: 6/11
  2931 | D:4      | Learned a level 5 spell: Lee's Rapid Deconstruction
  3129 | D:4      | Reached XP level 7. HP: 36/36 MP: 10/13
  3179 | D:4      | Noticed Robin
  3211 | D:4      | Killed Robin
  3496 | D:4      | Found a shimmering altar of Xom.
  3666 | D:4      | Found a shadowy altar of Dithmenos.
  3752 | D:5      | Entered Level 5 of the Dungeon
  3890 | D:5      | Reached skill level 1 in Fighting
  3890 | D:5      | Reached skill level 1 in Maces & Flails
  3890 | D:5      | Reached skill level 1 in Armour
  3890 | D:5      | Reached skill level 1 in Evocations
  3949 | D:5      | Reached XP level 8. HP: 33/43 MP: 15/15
  4071 | D:5      | Noticed Dowan
  4071 | D:5      | Noticed Duvessa
  4081 | D:5      | Killed Dowan
  4108 | D:5      | Killed Duvessa
  4108 | D:5      | Reached skill level 5 in Spellcasting
  4460 | D:5      | Found a white marble altar of Elyvilon.
  4574 | D:5      | Found a sparkling altar of Nemelex Xobeh.
  4576 | D:5      | Found a blossoming altar of Fedhas.
  4683 | D:5      | Found a shimmering blue altar of Sif Muna.
  4901 | D:6      | Noticed Pikel
  4911 | D:6      | Noticed a wyvern
  4918 | D:6      | Killed Pikel
  4918 | D:6      | Reached skill level 5 in Conjurations
  4918 | D:6      | Reached XP level 9. HP: 46/49 MP: 1/17
  4978 | D:6      | Found a staircase to the Ecumenical Temple.
  4989 | Temple   | Entered the Ecumenical Temple
  5144 | Temple   | Became a worshipper of Vehumet
  5231 | D:6      | Found Rakkat's Antique Weapon Boutique.
  5752 | D:6      | Found a runed translucent gate.
  5755 | D:6      | Found a runed translucent gate.
  5757 | D:6      | Found a runed translucent gate.
  5758 | D:6      | Noticed Askman's ghost (amateur DsGl)
  5794 | D:6      | Killed Askman's ghost
  6195 | D:6      | Identified a scroll of acquirement
  6195 | D:6      | Acquired 660 gold pieces
  6276 | D:7      | Reached * piety under Vehumet
  6276 | D:7      | Offered knowledge of Shock by Vehumet.
  6336 | D:7      | Reached XP level 10. HP: 29/56 MP: 4/18
  6553 | D:7      | Noticed Maggie
  6562 | D:7      | Killed Maggie
  6736 | D:7      | Reached ** piety under Vehumet
  6739 | D:7      | Offered knowledge of Magic Dart by Vehumet.
  7142 | D:7      | Found a shattered altar of Ashenzari.
  7364 | D:8      | Found a hazy altar of Hepliaklqana.
  7568 | D:8      | Offered knowledge of Static Discharge by Vehumet.
  7572 | D:8      | Reached skill level 5 in Armour
  7590 | D:8      | Reached skill level 5 in Fighting
  7715 | D:8      | Reached *** piety under Vehumet
  7813 | D:8      | Found a staircase to the Lair.
  7960 | D:8      | Noticed Maurice
  7967 | D:8      | Paralysed by something for 3 turns
  8004 | D:8      | Paralysed by Maurice for 3 turns
  8011 | D:8      | Killed Maurice
  8011 | D:8      | Reached XP level 11. HP: 64/64 MP: 17/20
  8060 | D:8      | Noticed a two-headed ogre
  8066 | D:8      | Killed a two-headed ogre
  8066 | D:8      | Reached skill level 5 in Maces & Flails
  8302 | D:8      | Found a glowing golden altar of the Shining One.
  8302 | D:8      | Noticed Gastronok
  8356 | D:8      | Killed Gastronok
  8356 | D:8      | Offered knowledge of Olgreb's Toxic Radiance by Vehumet.
  8616 | D:8      | Got a fine leather armour
  8763 | D:9      | Reached skill level 5 in Evocations
  8773 | D:9      | Noticed Joseph
  8795 | D:9      | Killed Joseph
  8953 | D:9      | Reached **** piety under Vehumet
  9060 | D:9      | Offered knowledge of Bolt of Magma by Vehumet.
  9067 | D:9      | Learned a level 5 spell: Bolt of Magma
  9096 | D:9      | Reached skill level 5 in Dodging
  9145 | D:9      | Gained mutation: Your spells are a little easier to cast,
                  | but a little less powerful. [potion of mutation]
  9145 | D:9      | Gained mutation: You have large cloven feet. [potion of
                  | mutation]
  9146 | D:9      | Lost mutation: Your spells are a little easier to cast, but
                  | a little less powerful. [potion of mutation]
  9146 | D:9      | Lost mutation: You have large cloven feet. [potion of
                  | mutation]
  9146 | D:9      | Gained mutation: You possess an exceptional clarity of
                  | mind. [potion of mutation]
  9146 | D:9      | Gained mutation: You have a somewhat thin skeletal
                  | structure. (Dex +2, Stealth) [potion of mutation]
  9146 | D:9      | Gained mutation: You have a pair of small antennae on your
                  | head. [potion of mutation]
  9190 | D:9      | Identified the +1 leather armour "Egraotu" {rN+ MR+ Int-3
                  | Dex+9} (You found it on level 8 of the Dungeon)
  9315 | D:9      | Found a basalt altar of Yredelemnul.
  9446 | D:10     | Entered Level 10 of the Dungeon
  9528 | D:10     | Reached skill level 1 in Fire Magic
  9784 | D:10     | Reached skill level 2 in Fire Magic
 10022 | D:10     | Noticed Grum
 10038 | D:10     | Killed Grum
 10038 | D:10     | Reached XP level 12. HP: 31/71 MP: 10/22
 10460 | D:10     | Found a shimmering altar of Xom.
 10469 | D:10     | Got a crystal great sword
 10470 | D:10     | Identified the cursed +3 great sword of Konunk {venom,
                  | rElec} (You found it on level 10 of the Dungeon)
 10791 | D:11     | Reached skill level 10 in Earth Magic
 11056 | D:11     | Reached skill level 3 in Fire Magic
 11078 | D:11     | Reached ***** piety under Vehumet
 11165 | D:11     | Offered knowledge of Lightning Bolt by Vehumet.
 12314 | D:12     | Noticed a two-headed ogre
 12321 | D:12     | Killed a two-headed ogre
 12583 | D:12     | Found a staircase to the Orcish Mines.
 12612 | D:12     | Reached skill level 4 in Fire Magic
 12656 | D:12     | Noticed a soul eater
 13281 | D:12     | Reached skill level 5 in Fire Magic
 13648 | D:13     | Found a flagged portal.
 13657 | Bailey   | Entered a bailey
 13759 | Bailey   | Found an iron altar of Okawaru.
 13759 | Bailey   | Noticed an orc high priest
 13773 | Bailey   | Killed an orc high priest
 13773 | Bailey   | Reached XP level 13. HP: 65/78 MP: 7/25
 13977 | Bailey   | Acquired 830 gold pieces
 14207 | Bailey   | Reached skill level 6 in Fire Magic
 14397 | D:13     | Offered knowledge of Sticky Flame by Vehumet.
 14423 | D:13     | Found a gate to the Vaults.
 14423 | D:13     | Noticed a vault guard
 14423 | D:13     | Noticed a vault guard
 14423 | D:13     | Noticed a vault guard
 14423 | D:13     | Noticed a vault guard
 14459 | D:13     | Killed a vault guard
 14460 | D:13     | Killed a vault guard
 14461 | D:13     | Killed a vault guard
 14784 | D:13     | Killed a vault guard
 14865 | D:13     | Reached skill level 7 in Fire Magic
 15372 | D:13     | Found a runed translucent gate.
 15372 | D:13     | Found a runed translucent gate.
 15372 | D:13     | Found a runed translucent gate.
 15376 | D:13     | Found an ancient bone altar of Kikubaaqudgha.
 15376 | D:13     | Noticed a lich
 15376 | D:13     | Noticed a lich
 15377 | D:13     | Noticed a lich
 15377 | D:13     | Noticed a lich
 15377 | D:13     | Noticed voshxx's ghost (journeyman TrMo)
 15889 | D:14     | Gained mutation: Your large and strong wings let you fly
                  | indefinitely. [Gargoyle growth]
 15889 | D:14     | Reached XP level 14. HP: 36/84 MP: 26/26
 15983 | D:14     | Offered knowledge of Ozocubu's Refrigeration by Vehumet.
 16087 | D:14     | Found Zigioh's Jewellery Emporium.
 16108 | D:14     | Reached skill level 10 in Conjurations
 16108 | D:14     | Reached skill level 8 in Fire Magic
 16254 | D:14     | Acquired the +6 demon whip of the Nexus {flame, rPois
                  | Int+2}
 16922 | Lair:1   | Entered Level 1 of the Lair of Beasts
 16944 | Lair:1   | Noticed Sonja
 16948 | Lair:1   | Killed Sonja
 17025 | Lair:1   | Found a transporter.
 17036 | Lair:1   | Found a transporter.
 18060 | Lair:2   | Noticed Urug
 18076 | Lair:2   | Killed Urug
 18179 | Lair:2   | Found a runed translucent gate.
 18180 | Lair:2   | Found a runed translucent gate.
 18286 | Lair:2   | Found a runed translucent gate.
 18341 | Lair:2   | Noticed rasy's ghost (journeyman MiFi)
 18343 | Lair:2   | Found a viscous altar of Jiyva.
 18423 | Lair:2   | Offered knowledge of Orb of Destruction by Vehumet.
 18441 | Lair:1   | Learned a level 7 spell: Orb of Destruction
 18598 | Lair:2   | Found a hole to the Spider Nest.
 19004 | Lair:3   | Reached skill level 9 in Fire Magic
 19290 | Lair:3   | Found a staircase to the Shoals.
 21270 | Lair:5   | Reached XP level 15. HP: 37/92 MP: 15/28
 21625 | Lair:5   | Reached skill level 10 in Fire Magic
 21956 | Lair:6   | Entered Level 6 of the Lair of Beasts
 22055 | Lair:6   | Reached ****** piety under Vehumet
 22164 | Lair:6   | Reached skill level 10 in Fighting
 22628 | Lair:6   | Offered knowledge of Starburst by Vehumet.
 22656 | Lair:6   | Learned a level 6 spell: Starburst
 23182 | Lair:6   | Found a staircase to the Slime Pits.
 23449 | Lair:6   | Reached skill level 10 in Spellcasting
 23853 | Orc:1    | Entered Level 1 of the Orcish Mines
 24015 | Orc:1    | Noticed Harold
 24020 | Orc:1    | Killed Harold
 24281 | Orc:1    | Noticed Erica
 24295 | Orc:1    | Killed Erica
 24296 | Orc:1    | Found a roughly hewn altar of Beogh.
 24542 | Orc:2    | Entered Level 2 of the Orcish Mines
 24562 | Orc:2    | Found a staircase to the Elven Halls.
 24743 | Orc:2    | Reached skill level 11 in Fire Magic
 25220 | Orc:2    | Offered knowledge of Fireball by Vehumet.
 25244 | Orc:2    | Reached XP level 16. HP: 81/98 MP: 23/30
 25553 | Orc:2    | Learned a level 5 spell: Fireball
 25586 | Orc:2    | Found a roughly hewn altar of Beogh.
 25646 | Orc:2    | Found Xitecho's Armour Shop.
 25646 | Orc:2    | Found Lizxuces's General Store.
 25667 | Orc:2    | Bought a potion of magic for 96 gold pieces
 25667 | Orc:2    | Bought a scroll of identify for 24 gold pieces
 25667 | Orc:2    | Bought a potion of curing for 36 gold pieces
 25667 | Orc:2    | Bought a scroll of summoning for 114 gold pieces
 25667 | Orc:2    | Reached skill level 12 in Fire Magic
 25667 | Orc:2    | Reached XP level 17. HP: 103/103 MP: 31/31
 25701 | Orc:2    | Found Janwouwk's Antique Weapon Shop.
 25701 | Orc:2    | Found Piyqi's Antique Weapon Emporium.
 25791 | Orc:2    | Noticed Erolcha
 25797 | Orc:2    | Killed Erolcha
 26295 | D:15     | Entered Level 15 of the Dungeon
 26464 | D:15     | Reached skill level 10 in Maces & Flails
 26996 | D:15     | Offered knowledge of Spellforged Servitor by Vehumet.
 27054 | D:15     | Found a portal to a secret trove of treasure.
 27197 | D:15     | Found a staircase to the Depths.
 27280 | D:15     | Reached skill level 13 in Fire Magic
 28294 | Shoals:1 | Entered Level 1 of the Shoals
 29598 | Shoals:2 | Reached XP level 18. HP: 76/110 MP: 10/32
 29754 | Shoals:2 | Offered knowledge of Fire Storm by Vehumet.
 29754 | Shoals:2 | Offered knowledge of Tornado by Vehumet.
 29754 | Shoals:2 | Offered knowledge of Ignition by Vehumet.
 29770 | Shoals:2 | Learned a level 8 spell: Ignition
 29949 | Shoals:2 | You are sucked into a shaft and drop 1 floor!
 29953 | Shoals:3 | Noticed Ilsuiw
 29969 | Shoals:3 | HP: 4/110 [merfolk javelineer/javelin (10)]
 29983 | Shoals:2 | HP: 2/110 [something (14)]
 29987 | Shoals:2 | Gained mutation: You have a moderately thin skeletal
                  | structure. (Dex +4, Stealth+) [mutagenic glow]
 31551 | Shoals:3 | Noticed Mara
 31555 | Shoals:3 | Noticed Errates's illusion
 31788 | Elf:1    | Entered Level 1 of the Elven Halls
 31897 | Elf:1    | Reached skill level 14 in Fire Magic
 32366 | Elf:1    | Identified the Guide on Confrontation
 33827 | Elf:2    | Found a runed translucent gate.
 33827 | Elf:2    | Found a runed translucent gate.
 33827 | Elf:2    | Found a runed translucent gate.
 34198 | Elf:3    | Entered Level 3 of the Elven Halls
 34231 | Elf:3    | Found Cywk's Gadget Boutique.
 34231 | Elf:3    | Found Dyontam's Antique Weapon Shop.
 34233 | Elf:3    | Found Peheem's Jewellery Shop.
 34235 | Elf:3    | Found Mayrott's Antique Weapon Boutique.
 34268 | Elf:3    | Bought a +6 ring of intelligence for 994 gold pieces
 34286 | Elf:3    | Reached XP level 19. HP: 63/116 MP: 23/34
 35961 | Elf:3    | Reached skill level 15 in Fire Magic
 35965 | Elf:3    | Reached skill level 10 in Dodging
 36829 | Elf:3    | Identified the +5 war axe "Ninako" {flame, +Fly rF+ Dex+4}
 36872 | Elf:3    | Cast into level 2 of the Abyss (a deep elf sorcerer)
 36959 | Abyss:2  | Noticed a lich
 36962 | Abyss:2  | Paralysed by a lich for 5 turns
 36967 | Abyss:2  | Killed a lich
 36967 | Abyss:2  | Reached skill level 15 in Earth Magic
 37721 | Elf:3    | Escaped the Abyss
 37885 | Elf:3    | Cast into level 2 of the Abyss (a deep elf sorcerer)
 37893 | Elf:3    | Escaped the Abyss
 38028 | Elf:3    | Reached XP level 20. HP: 109/124 MP: 9/36
 38202 | Elf:3    | Identified the +8 long sword of Wyrd {speed, Dex+3}
 38470 | Elf:3    | Identified the Almanac of the Excruciating Glacier
 38600 | Elf:3    | Identified the Volume of Burning Evil Rituals
 39003 | Elf:3    | Found Mayrott's Antique Weapon Boutique.
 39003 | Elf:3    | Found Peheem's Jewellery Shop.
 39004 | Elf:3    | Found Dyontam's Antique Weapon Shop.
 39006 | Elf:3    | Found Cywk's Gadget Boutique.
 39809 | Spider:1 | Entered Level 1 of the Spider Nest
 39867 | Spider:1 | Noticed Rupert
 39874 | Spider:1 | Killed Rupert
 40753 | Spider:2 | Noticed Nikola
 40754 | Spider:2 | Noticed Roxanne
 40757 | Spider:2 | Killed Roxanne
 40768 | Spider:2 | Noticed Arachne
 40787 | Spider:2 | Killed Arachne
 40799 | Spider:2 | Reached skill level 16 in Fire Magic
 41066 | Spider:2 | Killed Nikola
 42106 | Spider:3 | Noticed Bai Suzhen
 42136 | Spider:3 | Killed Bai Suzhen
 42743 | Spider:3 | Found a runed translucent door.
 42744 | Spider:3 | Found a shimmering altar of Xom.
 42744 | Spider:3 | Noticed EnegeticOcto's ghost (journeyman DDFi)
 42745 | Spider:3 | Identified the +6 scimitar "Furef" {chaos, Int+4 Dex+4}
 42798 | Spider:4 | Entered Level 4 of the Spider Nest
 42843 | Spider:4 | Upgraded the game from 0.26-a0-542-gbaa144ba5c to
                  | 0.26-a0-546-g3c2127501a
 43843 | Spider:4 | Got a gossamer rune of Zot
 44036 | Shoals:3 | Noticed Errates's illusion
 44315 | Vaults:1 | Entered Level 1 of the Vaults
 44428 | Vaults:1 | Reached XP level 21. HP: 82/130 MP: 37/37
 44439 | Vaults:1 | Learned a level 9 spell: Fire Storm
 44904 | Vaults:1 | Identified the cursed +0 hat "Igyol" {Str+4 Dex+2 SInv}
                  | (You found it on level 1 of the Vaults)
 44915 | Vaults:1 | Found a radiant altar of Vehumet.
 45668 | Vaults:1 | Found Yfoniemp's Antique Armour Shoppe.
 46039 | Vaults:2 | Found a staircase to the Crypt.
 46039 | Vaults:2 | Found a basalt altar of Yredelemnul.
 46040 | Vaults:2 | Found an ancient bone altar of Kikubaaqudgha.
 47022 | Vaults:2 | Found a roughly hewn altar of Beogh.
 47027 | Vaults:2 | Reached skill level 17 in Fire Magic
 48622 | Vaults:3 | Found a runed translucent gate.
 48623 | Vaults:3 | Found a runed translucent gate.
 48623 | Vaults:3 | Found a runed translucent gate.
 48625 | Vaults:3 | Noticed Keaj's ghost (adept FeCK)
 48625 | Vaults:3 | Noticed Syen's ghost (veteran GnSk)
 48625 | Vaults:3 | Noticed Renjy's ghost (adept VSIE)
 49390 | Vaults:4 | Reached XP level 22. HP: 137/137 MP: 39/39
 49559 | Vaults:4 | Reached skill level 15 in Conjurations
 50056 | Vaults:4 | Identified the +3 leather armour "Cejeq" {rPois rF+ Int+2}
                  | (You found it on level 4 of the Vaults)
 50540 | Vaults:4 | Learned a level 9 spell: Shatter
 50541 | Vaults:4 | Identified Sif Muna's Volume of Supportive Blows and
                  | Bruises
 50978 | Shoals:3 | Noticed Errates's illusion
 50978 | Shoals:3 | Killed Mara
 51431 | Shoals:3 | Killed Ilsuiw
 51624 | Shoals:4 | Entered Level 4 of the Shoals
 51654 | Shoals:4 | Identified the +2 robe "Mogyasid" {rCorr} (You found it on
                  | level 4 of the Shoals)
 51753 | Shoals:4 | Reached skill level 18 in Fire Magic
 52025 | Shoals:4 | Lost mutation: You possess an exceptional clarity of mind.
                  | [mutagenic glow]
 52184 | Shoals:4 | Got a slimy golden ring
 52185 | Shoals:4 | Identified the ring of the Hidden Princes {*Tele Str-2
                  | Int+4 Stlth+} (You found it on level 4 of the Shoals)
 52223 | Shoals:4 | Identified the Almanac of Stones and Air
 52369 | Shoals:4 | Got a barnacled rune of Zot
 53376 | Vaults:5 | Entered Level 5 of the Vaults
 53378 | Vaults:5 | Reached XP level 23. HP: 143/144 MP: 40/40
 53378 | Vaults:5 | Noticed a golden dragon
 53381 | Vaults:5 | Noticed a golden dragon
 53382 | Vaults:5 | Reached skill level 15 in Fighting
 53382 | Vaults:5 | Killed a golden dragon
 53387 | Vaults:5 | Killed a golden dragon
 53984 | Vaults:5 | Noticed an ancient lich
 54031 | Vaults:5 | Engulfed by a cloud of freezing vapour

Illustrated notes

Levels and vault maps discovered:
D:1:      dpeg_arrival_yet_another_circle, layout_basic
D:2:      layout_loops_corners, st_stairs_6
D:3:      layout_rooms, old_standard_altar, chequers_arboretum,
          roderic_serpentine_path, kennysheep_generic_room_16
D:4:      layout_rooms, marbit_many_paths, lemuel_crystal_altar, uniq_robin
D:5:      layout_basic, lemuel_coloured_pillars_altar, minitemple, basic_altar,
          uniq_duvessa
D:6:      layout_loops_ring, minmay_temple_entry_statues_fountains,
          gammafunk_ghost_necromancy, serial_shops,
          nicolae_shop_temple_entry_statues_fountains, uniq_pikel
D:7:      layout_basic, basic_altar, uniq_maggie
D:8:      layout_loops_corners, kennysheep_mini_moat,
          nicolae_tso_besieged_by_evil, minmay_lair_entry_grove,
          serial_bayou_ford_a, minmay_misc_feat_roman, uniq_maurice,
          uniq_gastronok
D:9:      layout_rooms, yredelemnul_forgotten_temple_becter, uniq_joseph
D:10:     cheibrodos_iron_armory, layout_gridville, tgw_xom, uniq_grum
D:11:     layout_irregular_city, minivault_5
D:12:     layout_cave_pools, orc_david_3
D:13:     layout_irregular_city, lightli_vaults_fourway_checkpoint,
          enter_bailey_8, gammafunk_ghost_crypt
D:14:     layout_basic, chequers_serial_rivers_small_3, serial_shops,
          nicolae_shop_temple_entry_statues_fountains
D:15:     gammafunk_enter_depths_forms, layout_irregular_city,
          hangedman_abyss_or_decor_stagger, nicolae_trove_entry_diagonal
Temple:   nicolae_temple_figure_eight
Lair:1:   gammafunk_cloud_chamber, layout_loops_ring, uniq_sonja
Lair:2:   layout_misc_corridors, spider_nest_entry_webs, gammafunk_ghost_ooze,
          grunt_megastairs_4, uniq_urug
Lair:3:   layout_roguey, elwin_shoals_entry_stream, infiniplex_staircase_pool_2
Lair:4:   layout_long_grid, grunt_megastairs_1, serial_bayou_shore_a
Lair:5:   layout_cave_shapes, guppyfry_lair_drakes
Lair:6:   evilmike_catoblepas_cave, layout_regular_city, slime_dummy,
          infiniplex_staircase_pool, serial_bayou_shore_b
Shoals:1: layout_shoals
Shoals:2: layout_shoals
Shoals:3: layout_shoals, nicolae_shoals_stone_sculpture_thing, uniq_ilsuiw,
          uniq_mara
Shoals:4: shoals_end_hangedman, layout_shoals, shoals_ilsuiw_ice
Spider:1: layout_spider_delve, uniq_rupert
Spider:2: layout_spider_delve, uniq_roxanne, uniq_arachne, uniq_nikola
Spider:3: nicolae_spider_mines_1, ebering_ghost_xom, guppyfry_hornet_nest,
          uniq_bai_suzhen
Spider:4: spider_rune_water
Orc:1:    layout_diamond_mine, basic_altar, uniq_erica, uniq_harold
Orc:2:    st_orc_town, layout_diamond_mine, special_room, uniq_erolcha
Elf:1:    eino_elf_arrival_shootout, layout_loops_ring, minmay_elf_annihilation
Elf:2:    layout_gridlike, minivault_23
Elf:3:    minmay_elf_hall_furrowed, layout_onion_city, minmay_shoptagon
Vaults:1: grunt_vaults_twisty, ontoclasm_vaults_bender, ontoclasm_vaults_pinch,
          grunt_tower_of_power, vaults_room_fancy_cross, ontoclasm_vaults_tryst,
          layout_vaults_omnigrid, serial_shops, shop
Vaults:2: vaults_room_door_ring, vaults_mumra_hexcomb,
          vaults_mumra_minichess_inversion, minmay_crypt_entry_necro_gods,
          grunt_vaults_focal, grunt_vaults_hallway_long, vaults_mumra_lcd,
          grunt_vaults_bifocal, v_misc_25, vaults_room_fours, v_misc_29,
          hangedman_vaults_snaps, special_room_vaults [special_room_orc],
          dpeg_vaults_monster_box, layout_vaults_omnicross
Vaults:3: gammafunk_vaults_ghost_cemetery, hangedman_vaults_slice, v_misc_2,
          nicolae_vaults_ninety_degrees, ontoclasm_vaults_decontamination,
          grunt_vaults_trifunnel, ontoclasm_vaults_loading_screen,
          nicolae_vaults_circle_grid_a, vaults_room_fours,
          layout_vaults_big_room
Vaults:4: nicolae_vaults_little_squares_1, v_misc_10, v_misc_29, v_rooms_5,
          st_check, v_misc_27, v_misc_11, nicolae_vaults_yaktaur_gun_rack,
          vaults_room_stairs_pillars, layout_vaults_omnibox
Vaults:5: serial_shops

Skill      XL: |  1  2  3  4  5  6  7  8  9 10 11 12 13 14 15 16 17 18 19 20 21 22 23 |
---------------+----------------------------------------------------------------------+-----
Earth Magic    | 4 5 6 7 8 9 10 11 12 13 14 15 16 17 | 17.5
Conjurations   | 1 2 3 4 5 6 7 8 9 10 11 12 13 14 15 | 15.9
Spellcasting   | 3 4 5 6 7 8 9 10 11 12 13 | 13.8
Fighting       | 1 2 4 5 6 7 8 9 10 11 12 13 14 15 | 15.3
Maces & Flails | 1 2 3 4 5 6 8 9 10 11 12 13 14 | 14.2
Armour         | 1 2 4 5 6 |  6.0
Dodging        | 2 3 4 5 6 7 8 9 10 11 12 | 12.3
Evocations     | 1 2 3 4 5 6 |  6.0
Fire Magic     | 2 5 7 9 11 12 13 14 15 16 17 18 | 18.8
Stealth        | |  2.1
Transmutations | |  0.7

Action                   |  1- 3 |  4- 6 |  7- 9 | 10-12 | 13-15 | 16-18 | 19-21 | 22-24 || total
-------------------------+-------+-------+-------+-------+-------+-------+-------+-------++-------
Melee: Dagger            |   104 |       |       |       |       |       |       |       ||   104
       Short sword       |    49 |   123 |   123 |       |       |       |       |       ||   295
       Flail             |       |       |    86 |       |       |       |       |       ||    86
       Whip              |       |       |   106 |   746 |   322 |       |       |       ||  1174
       Demon whip        |       |       |       |       |  1041 |   573 |   893 |   205 ||  2712
 Cast: Sandblast         |     8 |    49 |    38 |    63 |     7 |     9 |    10 |       ||   184
       Lee's Rapid Decon |       |       |    15 |    55 |    85 |   106 |   136 |    33 ||   430
       Stone Arrow       |       |       |     8 |    15 |    23 |       |     1 |       ||    47
       Bolt of Magma     |       |       |       |     7 |    27 |    11 |       |       ||    45
       Starburst         |       |       |       |       |    12 |    11 |       |       ||    23
       Orb of Destructio |       |       |       |       |     1 |    53 |    81 |    20 ||   155
       Fireball          |       |       |       |       |       |    28 |    28 |    10 ||    66
       Ignition          |       |       |       |       |       |     9 |    74 |    14 ||    97
       Fire Storm        |       |       |       |       |       |       |       |    19 ||    19
       Shatter           |       |       |       |       |       |       |       |    22 ||    22
 Abil: Evoke Flight      |       |       |       |       |     1 |       |       |       ||     1
       Fly               |       |       |       |       |     1 |       |       |       ||     1
Evoke: Wand              |       |       |       |     9 |    14 |     4 |    13 |     4 ||    44
       Tin of tremorston |       |       |       |       |     2 |     2 |     4 |     1 ||     9
       Condenser vane    |       |       |       |       |       |     2 |     2 |       ||     4
  Use: Scroll            |     5 |     7 |     9 |    19 |    11 |    15 |    18 |     5 ||    89
       Potion            |     1 |       |     3 |     6 |     2 |    12 |     1 |     2 ||    27
 Stab: Sleeping          |     3 |     1 |       |     4 |     9 |     6 |    16 |     1 ||    40
       Paralysed         |       |       |       |     1 |       |       |       |       ||     1
       Distracted        |       |       |       |     1 |       |     1 |     1 |       ||     3
Armor: Robe              |    43 |    55 |   180 |    40 |       |       |       |       ||   318
       Steam dragon scal |       |       |       |   351 |   605 |   297 |   499 |   108 ||  1860
       Skin              |       |       |       |     2 |       |       |       |       ||     2
Dodge: Dodged            |    99 |   124 |   275 |   684 |   951 |   362 |   746 |   162 ||  3403

Table legend: (Time is in decaauts)
 A = Elapsed time spent in this place.
 B = Non-inter-level travel time spent in this place.
 C = Inter-level travel time spent in this place.
 D = Time resting spent in this place.
 E = Time spent auto-exploring this place.
 F = Levels seen in this place.
 G = Mean time per level.
                   A        B        C        D        E       F      G
               +--------+--------+--------+--------+--------+-----+--------+
         Total |  52940 |  48715 |   4225 |   9410 |  27786 |  43 | 1231.2 |
       Dungeon |  18598 |  16818 |   1780 |   2521 |   9612 |  15 | 1239.9 |
        Temple |    183 |    155 |     28 |      0 |    151 |   1 |  183.0 |
          Lair |   6987 |   6281 |    706 |    575 |   4444 |   6 | 1164.5 |
        Shoals |   5466 |   5136 |    330 |   1165 |   2891 |   4 | 1366.5 |
   Spider Nest |   4003 |   3711 |    292 |   1205 |   1816 |   4 | 1000.8 |
  Orcish Mines |   2386 |   2115 |    271 |    103 |   1454 |   2 | 1193.0 |
   Elven Halls |   6867 |   6709 |    158 |   2160 |   3397 |   3 | 2289.0 |
        Vaults |   6990 |   6331 |    659 |   1078 |   3975 |   5 | 1398.0 |
         Abyss |    798 |    798 |      0 |    481 |     16 |   2 |  399.0 |
        Bailey |    657 |    657 |      0 |    120 |     29 |   1 |  657.0 |
               +--------+--------+--------+--------+--------+-----+--------+

Top non-repeatable levels by time:
   Elf:3: 3936 daAuts
Vaults:4: 2110 daAuts
    D:11: 1848 daAuts
Vaults:2: 1815 daAuts
    D:13: 1728 daAuts
Vaults:1: 1706 daAuts
    D:15: 1705 daAuts
Shoals:2: 1672 daAuts
    D:10: 1558 daAuts
     D:8: 1540 daAuts
   Elf:1: 1501 daAuts
   Elf:2: 1429 daAuts
  Lair:6: 1376 daAuts
Shoals:4: 1365 daAuts
  Lair:4: 1347 daAuts
